 Dungeon Crawl Stone Soup version 0.22.0 (webtiles) character file.

66 CyclopB the Vexing (level 3, -1/24 HPs)
             Began as a Mummy Enchanter on Dec 31, 2018.
             Slain by an adder (4 damage)
             ... on level 2 of the Dungeon.
             The game lasted 00:05:37 (1597 turns).

CyclopB the Vexing (Mummy Enchanter)                Turns: 1597, Time: 00:05:38

Health: -1/24      AC:  4    Str: 12    XL:     3   Next: 96%
Magic:  7/7        EV: 12    Int: 14    God:
Gold:   48         SH:  0    Dex: 12    Spells: 6/7 levels left

rFire    x . .     SeeInvis .   h - +0 whip (drain)
rCold    + . .     Gourm    .   (no shield)
rNeg     + + +     Faith    .   c - +0 leather armour
rPois    ∞         Spirit   .   d - +0 helmet
rElec    .         Reflect  .   (no cloak)
rCorr    .         Harm     .   (no gloves)
MR       .....                  (no boots)
Stlth    ++........             (no amulet)
HPRegen  0.08/turn              (no ring)
MPRegen  0.10/turn              (no ring)

@: no status effects
A: no food or potions, fire vulnerability, cold resistance 1, negative energy
resistance 3, torment resistance, unbreathing
a: no special abilities


You were on level 2 of the Dungeon.
You were not hungry.

You visited 1 branch of the dungeon, and saw 2 of its levels.

You collected 48 gold pieces.

Inventory:

Hand Weapons
 a - a +1 dagger
 h - a +0 whip of draining (weapon)
Missiles
 e - 4 javelins
 g - 17 arrows
 i - 28 sling bullets
 j - 46 stones (quivered)
Armour
 c - a +0 leather armour (worn)
 d - a +0 helmet (worn)
 k - a scarf of cloud immunity
Jewellery
 m - an uncursed ring of protection from cold {unknown}
Scrolls
 b - 2 scrolls of amnesia {unknown}
 f - a scroll of enchant weapon {unknown}
 l - a scroll of remove curse {unknown}
 n - a scroll of enchant armour {unknown}
 o - a scroll of identify {unknown}


   Skills:
 - Level 0.7 Short Blades
 * Level 1.2 Maces & Flails
 - Level 2.0 Dodging
 - Level 2.4 Stealth
 - Level 2.6 Spellcasting
 + Level 3.8 Hexes


You had 6 spell levels left.
You knew the following spells:

 Your Spells              Type           Power        Failure   Level  Hunger
a - Corona                Hex            ##.....      6%          1    N/A

Your spell library contained the following spells:

 Spells                   Type           Power        Failure   Level  Hunger
 Confuse                  Hex            ##......     17%         3    N/A
 Tukima's Dance           Hex            ##......     17%         3    N/A
 Ensorcelled Hibernation  Hex/Ice        #.....       19%         2    N/A
 Dazzling Spray           Conj/Hex       #.....       36%         3    N/A

Dungeon Overview and Level Annotations

Branches:
Dungeon (2/15)

Altars:


Innate Abilities, Weirdness & Mutations

You do not eat or drink.
Your flesh is vulnerable to fire.
You are immune to poison.
Your flesh is cold resistant. (rC+)
You are immune to negative energy. (rN+++)
You are immune to unholy pain and torment.
You can survive without breathing.


Message History

The adder is severely wounded.
The adder bites you but does no damage. x2
You closely miss the adder.
The adder is severely wounded.
The adder misses you.
You barely miss the adder.
The adder is severely wounded.
The adder bites you.
* * * LOW HITPOINT WARNING * * *
The adder barely misses you.
You barely miss the adder.
The adder is severely wounded.
The adder barely misses you.
You barely miss the adder.
The adder is severely wounded.
The adder barely misses you.
You barely miss the adder.
The adder is severely wounded.
The adder misses you. The adder bites you.
You die...

######## #......# #....<.#
####......# .# ..........#####
..######
..............+.........
##....S..S.).#......##.
#####S#####.#......##. #
###@#####.#......##. #.
#.....##....#....##. ...
#.....###†..#....##. ...h
#...........+....##. ..r..
#.....##.#.##....###
#.....######.....##.#..#.######
.....h(S((.....................
###....#########.........######
#.... #......####


You could see an adder and a ball python.

Vanquished Creatures
  3 adders (D:2)
  A dart slug (D:1)
  2 leopard geckos (D:1)
  A ball python (D:2)
  6 bats
  2 giant cockroaches
  3 goblins
  2 hobgoblins (D:1)
  5 jackals
  2 frilled lizards
  3 kobolds
  4 rats
34 creatures vanquished.

Notes
Turn   | Place    | Note
-------+----------+-------------------------------------------
     0 | D:1      | CyclopB the Mummy Enchanter began the quest for the Orb.
     0 | D:1      | Reached XP level 1. HP: 13/13 MP: 4/4
   307 | D:1      | Reached skill level 3 in Hexes
   317 | D:1      | Reached XP level 2. HP: 16/19 MP: 5/5
  1317 | D:2      | Reached XP level 3. HP: 22/24 MP: 7/7
  1414 | D:2      | Reached skill level 1 in Maces & Flails
  1597 | D:2      | Slain by an adder

Skill      XL: |  1  2  3 |
---------------+----------+-----
Hexes          | 3 |  3.8
Dodging        | 2 |  2.0
Maces & Flails | 1 |  1.2
Short Blades   | |  0.7
Stealth        | |  2.4
Spellcasting   | |  2.6

Action                   || total
-------------------------++-------
Melee: Dagger            ||   102
       Whip              ||    69
Throw: Javelin           ||     1
       Stone             ||     3
 Stab: Sleeping          ||     5
Armor: Leather armour    ||    47
Dodge: Dodged            ||   117
